Map: Kairos Junction LE

Players

IndyKNerazim - Winner!

  • Race: Protoss Protoss
  • Spawn Location: 11:00

SunSet

  • Race: Zerg Zerg
  • Spawn Location: 5:00

Event: 2019 WCS Summer

VOD

Have the link to the VOD?

Description

Time

  • Played on: July 12, 2019, 8:57 a.m.
  • Length: 9:08

All games in this series

Show
View Real Time Build Order
Export as new Build Order

IndyKNerazim Protoss - Winner!

Build Orders: 1 Gate Expand, Oracle Opening, Phoenix Opening, Zealot Archon, Archon Drop 

Get SALT Encoding   

  12  0:01  Probe  
  13  0:13  Probe  
  14  0:19  Pylon  
  14  0:24  Probe  
  15  0:33  Probe  
  15  0:40  Gateway  
  15  0:41  Probe  
  16  0:47  Assimilator  
  17  0:52  Probe  
  18  1:04  Probe  
  19  1:16  Probe  
  20  1:23  Nexus  
  20  1:33  Cybernetics Core  
  20  1:36  Probe  
  21  1:45  Assimilator  
  21  1:48  Probe  
  21  1:51  Pylon  
  22  1:58  Probe  
  22  2:01  Adept  
  23  2:06  Probe  
  23  2:15  Probe  
  26  2:22  Stargate  
  27  2:27  Probe  
  28  2:31  Probe, Adept  
  31  2:37  Warp Gate  
  31  2:39  Probe  
  31  2:40  Probe  
  31  2:42  Pylon  
  33  2:51  Probe  
  33  2:52  Probe  
  35  2:59  Phoenix  
  35  3:03  Probe  
  35  3:04  Probe  
  39  3:15  Probe  
  39  3:16  Probe  
  39  3:17  Assimilator  
  39  3:19  Pylon  
  41  3:22  Gateway  
  41  3:25  Oracle  
  41  3:27  Probe  
  41  3:30  Probe  
  46  3:35  Assimilator  
  46  3:39  Probe  
  46  3:41  Probe  
  47  3:44  Robotics Facility  
  48  3:49  Probe  
  48  3:52  Probe  
  48  3:54  Twilight Council  
  50  3:57  Probe  
  51  4:04  Probe  
  53  4:14  Gateway  
  53  4:15  Gateway  
  53  4:16  Probe  
  53  4:18  Probe, Pylon  
  53  4:22  Warp Prism  
  54  4:25  Zealot x2  
  54  4:28  Pylon  
  60  4:43  Templar Archives  
  60  4:44  Pylon  
  60  4:47  Pylon  
  60  4:48  Zealot  
  60  4:52  Zealot  
  64  5:01  Pylon  
  64  5:02  Observer  
  64  5:05  Gateway  
  65  5:13  Gateway  
  65  5:14  Gateway  
  65  5:21  High Templar x4  
  73  5:23  Immortal  
  73  5:24  Shield Battery, Archon  
  73  5:25  Archon, Pylon  
  77  5:39  Probe  
  78  5:49  Gateway  
  78  5:55  Nexus  
  78  5:58  Probe  
  78  5:59  Pylon  
  78  6:01  High Templar x2  
  83  6:04  Zealot  
  83  6:05  Archon  
  83  6:08  Zealot  
  83  6:09  Probe x2  
  87  6:14  Pylon  
  87  6:17  Probe  
  90  6:25  Pylon  
  90  6:30  Probe  
  91  6:33  Zealot  
  93  6:40  Nexus  
  93  6:41  High Templar x2, Pylon  
  93  6:42  Zealot x2  
  101  6:47  Archon  
  101  6:51  Probe  
  102  6:57  Zealot x4  
  110  7:06  Phoenix  
  110  7:08  Probe  
  113  7:15  Probe  
  113  7:20  Shield Battery  
  113  7:22  Shield Battery  
  114  7:25  Probe  
  114  7:28  High Templar x2  
  114  7:29  High Templar x2  
  123  7:30  Zealot  
  123  7:34  Archon  
  123  7:35  Archon, Pylon x2  
  125  7:43  Shield Battery  
  125  7:50  Probe  
  126  7:53  Zealot  
  126  7:57  Zealot x3  
  134  7:59  Probe  
  134  8:01  Probe  
  136  8:06  Probe  
  137  8:14  Sentry  
  137  8:19  Zealot x4  
  136  8:20  Zealot x2  
  136  8:24  Zealot  
  135  8:43  Pylon  
  135  8:47  Pylon  
  135  8:54  Zealot  
  135  8:55  Zealot  
  117  9:05  Nexus  
  117  9:06  Pylon  
Show
View Real Time Build Order
Export as new Build Order

SunSet Zerg 

Build Orders: Hatch First 

Get SALT Encoding   

  12  0:01  Drone  
  13  0:12  Overlord  
  13  0:17  Drone  
  14  0:30  Drone x2  
  14  0:34  Drone  
  17  0:53  Hatchery  
  17  0:55  Drone  
  17  0:58  Drone  
  18  1:09  Extractor  
  17  1:13  Spawning Pool  
  17  1:16  Drone  
  17  1:20  Drone  
  18  1:29  Drone  
  19  1:39  Drone  
  20  1:50  Overlord  
  20  2:00  Drone  
  21  2:04  Queen  
  21  2:05  Queen  
  21  2:08  Metabolic Boost  
  25  2:10  Drone  
  25  2:13  Drone  
  27  2:16  Drone  
  27  2:22  Drone  
  29  2:26  Drone  
  30  2:34  Zergling x2  
  31  2:42  Hatchery  
  30  2:45  Zergling x2  
  30  2:46  Drone  
  30  2:50  Drone  
  33  2:55  Drone  
  33  2:58  Overlord  
  34  3:07  Drone  
  34  3:08  Evolution Chamber  
  34  3:13  Drone x2  
  34  3:16  Queen  
  34  3:18  Drone x2  
  40  3:22  Overlord  
  40  3:23  Drone  
  40  3:26  Spore Crawler  
  40  3:30  Spore Crawler  
  40  3:31  Drone  
  40  3:33  Drone  
  41  3:41  Drone x2  
  43  3:49  Zerg Melee Weapons Level 1  
  43  3:51  Queen  
  43  3:53  Zergling x2, Evolution Chamber  
  43  3:55  Zergling x2  
  46  4:02  Zergling x8  
  50  4:07  Overlord  
  50  4:12  Overlord  
  50  4:20  Overlord  
  50  4:25  Zergling x2  
  50  4:26  Zergling x10  
  50  4:28  Overlord  
  50  4:31  Zergling x8  
  59  4:36  Zergling x2  
  61  4:41  Zergling x2  
  61  4:42  Zergling x2  
  63  4:47  Queen  
  63  4:49  Zergling x4  
  67  4:57  Drone  
  67  4:58  Drone x3  
  71  5:02  Overlord  
  71  5:09  Drone  
  71  5:10  Drone  
  71  5:12  Drone  
  73  5:21  Drone, Overlord  
  73  5:22  Drone x3  
  77  5:30  Zerg Ground Armor Level 1, Baneling Nest  
  77  5:35  Lair  
  76  5:37  Overlord  
  76  5:41  Drone, Spore Crawler  
  76  5:43  Drone  
  76  5:48  Overlord  
  77  5:50  Zergling x2  
  77  5:51  Zergling x6  
  77  5:56  Overlord  
  81  5:57  Zergling x4  
  81  5:58  Zergling x2  
  81  6:01  Zergling x2  
  81  6:02  Zergling x4  
  81  6:03  Zergling x2  
  88  6:05  Drone  
  88  6:06  Overlord  
  88  6:08  Drone  
  90  6:12  Overlord  
  90  6:13  Drone  
  90  6:17  Zergling x2  
  92  6:22  Zergling x8  
  96  6:26  Overlord  
  96  6:27  Zergling x2  
  97  6:35  Zergling x4  
  97  6:37  Centrifical Hooks  
  97  6:39  Zergling x2  
  100  6:40  Zergling x10  
  100  6:42  Drone  
  100  6:45  Extractor  
  105  6:47  Extractor  
  105  6:49  Overlord  
  105  6:51  Zergling x6  
  101  7:02  Drone x4  
  101  7:05  Drone x3  
  101  7:06  Drone  
  101  7:07  Drone  
  108  7:10  Zergling x6  
  108  7:12  Overlord  
  111  7:16  Overlord  
  108  7:24  Overlord  
  108  7:26  Overlord  
  108  7:30  Overlord  
  108  7:34  Zergling x2, Drone  
  108  7:35  Zergling x10  
  115  7:49  Baneling x5  
  115  7:50  Baneling  
  115  7:53  Zergling x8  
  115  7:54  Zergling x2, Hatchery  
  115  7:57  Baneling x2  
  119  8:00  Hatchery  
  119  8:02  Zergling x8  
  119  8:03  Zergling x4  
  119  8:04  Zergling x2  
  125  8:06  Overlord  
  125  8:10  Overlord  
  106  8:29  Zergling x18  
  106  8:32  Zergling x2  
  106  8:33  Zergling x4  
  108  8:36  Zergling x2  
  108  8:37  Zergling x2  
  108  8:39  Zergling x2  
  92  8:43  Baneling x2  
  92  8:44  Baneling x8  
  92  8:46  Zergling x6  
Tags
 
Add a new tag
Caveats
  • Supply blocks, unpowered buildings, or Contaminate may cause inaccurate times.
  • Supply counts are checked every 10 seconds.